 Dungeon Crawl Stone Soup version 0.23.1 (webtiles) character file.

Game seed: 8764054662450445165

7 glosham the Skirmisher (level 1, -9/18 HPs)
             Began as a Mummy Abyssal Knight on Mar 8, 2019.
             Was a Follower of Lugonu.
             Killed from afar by a raiju (15 damage)
             ... with a living lightning
             ... on level 4 of the Abyss on Mar 9, 2019.
             The game lasted 00:06:58 (230 turns).

glosham the Skirmisher (Mummy Abyssal Knight)        Turns: 230, Time: 00:06:58

Health: -9/18      AC:  3    Str: 15    XL:     1   Next: 83%
Magic:  2/2        EV: 11    Int: 11    God:    Lugonu [*.....]
Gold:   103        SH:  0    Dex: 11    Spells: 0/0 levels left

rFire    . . .     SeeInvis .   c - -1 bardiche (curse)
rCold    . . .     Gourm    .   (shield currently unavailable)
rNeg     + + +     Faith    .   b - +0 leather armour
rPois    ∞         Spirit   .   (no helmet)
rElec    .         Reflect  .   (no cloak)
rCorr    .         Harm     .   (no gloves)
MR       .....                  (no boots)
Stlth    +.........             (no amulet)
HPRegen  0.06/turn              A - ring of fire
MPRegen  0.08/turn              (no ring)

@: no status effects
A: no food or potions, fire vulnerability, cold resistance 1, negative energy
resistance 3, torment resistance, unbreathing
a: Depart the Abyss, Renounce Religion


You were on level 4 of the Abyss.
You worshipped Lugonu.
Lugonu was aware of your devotion.
You were not hungry.

You visited 0 branches of the dungeon, and saw 0 of its levels.
You visited the Abyss 1 time.

You collected 103 gold pieces.

Inventory:

Hand Weapons
 a - a +1 hand axe
 c - a cursed -1 bardiche (weapon)
 d - a +0 quarterstaff
Missiles
 g - 18 arrows
Armour
 b - a +0 leather armour (worn)
 f - a +0 ring mail
Jewellery
 A - a ring of fire (left hand)
Wands
 e - a wand of disintegration (10)
Scrolls
 k - a scroll of teleportation


   Skills:
 * Level 3.5 Fighting
 - Level 1.5 Axes
 - Level 1.5 Armour
 - Level 0.7 Dodging
 - Level 1.5 Invocations


You couldn't memorise any spells.
You didn't know any spells.
Your spell library was empty.

Dungeon Overview and Level Annotations

Branches:
Dungeon (0/15)

Altars:


Innate Abilities, Weirdness & Mutations

You do not eat or drink.
Your flesh is vulnerable to fire.
You are immune to poison.
Your flesh is cold resistant. (rC+)
You are immune to negative energy. (rN+++)
You are immune to unholy pain and torment.
You can survive without breathing.


Message History

A raiju comes into view.
A freezing wraith comes into view.
The raiju barks!
You hear a bark!
Evoke which item? (* to show all) (? for menu, Esc to quit)
Aiming: Disintegrate
Press: ? - help, Shift-Dir - straight line, f - raiju
Aim: a raiju (purple smoke, chance to defeat MR: 65%)
Okay, then.
You aren't carrying any scrolls.
Unknown command.
A raiju comes into view. 2 raiju come into view.
The raiju barks! x2; You hear a bark!
A hell hog comes into view.
Found a robe.
There is a gateway leading deeper into the Abyss here.
The hell hog squeals angrily.
The raiju completely misses you.
You plunge deeper into the Abyss.
The abyssal rune of Zot can be found at this depth.
Found 18 arrows and a ring mail.
Found a gateway leading deeper into the Abyss.
Found a scroll labeled OXELALUOLOO.
You see here a ring mail.
f - a ring mail
Found a scroll of identify.
You see here 18 arrows.
g - 18 arrows You see here a scroll of identify.
p - a scroll of identify You see here a scroll labeled OXELALUOLOO.
As you read the scroll of identify, it crumbles to dust. a scroll of teleportation
k - a scroll of teleportation 3 raiju come into view.
The raiju barks! x2; You hear a bark!
A raiju comes into view.
The raiju bursts into living lightning!
The living lightning hits you!
Ouch! That really hurt!
You die...

##.#..##.. #
##....#..## ##.##
####.#.###.... ..#.
###.........##.# #..#
#......#....## . #.
... .#...#.....#..##
#..##.###.........####
#....##.........#.
#.>.@..#..........#
#..#..##.....#..#.. .
..... ###........####
#.#... .####.#...#
#....... #. ##...#.#
....#.... ..# . #.
##...hh #. #.. . .#
...h.h . # .# .. . . #


You could see 4 raiju.

Vanquished Creatures
  A white imp (Abyss:2)
1 creature vanquished.

Notes
Turn   | Place    | Note
-------+----------+-------------------------------------------
     0 | Abyss:1  | glosham the Mummy Abyssal Knight began the quest for the
                  | Orb.
     0 | Abyss:1  | Reached XP level 1. HP: 18/18 MP: 2/2
    26 | Abyss:1  | Noticed a large abomination
    67 | Abyss:2  | Noticed an orange demon
    98 | Abyss:2  | Noticed a large abomination
   116 | Abyss:2  | Noticed a starcursed mass
   134 | Abyss:2  | HP: 1/18 [starcursed mass/accursed screaming (4)]
   135 | Abyss:2  | Noticed a worldbinder
   187 | Abyss:3  | Noticed a raiju
   187 | Abyss:3  | Noticed a freezing wraith
   189 | Abyss:3  | Noticed a raiju
   190 | Abyss:3  | Noticed a raiju
   190 | Abyss:3  | Noticed a raiju
   190 | Abyss:3  | Noticed a hell hog
   230 | Abyss:4  | Noticed a raiju
   230 | Abyss:4  | Noticed a raiju
   230 | Abyss:4  | Noticed a raiju
   230 | Abyss:4  | Noticed a raiju
   230 | Abyss:4  | Killed from afar by a raiju

Action                   || total
-------------------------++-------
Melee: Bardiche          ||     2
  Use: Scroll            ||     2
Dodge: Dodged            ||     2

Table legend:
 A = Turns spent in this place as a percentage of turns spent in the entire game.
 B = Non-inter-level travel turns spent in this place as a percentage of non-inter-level travel turns spent in the entire game.
 C = Inter-level travel turns spent in this place as a percentage of turns spent in this place.
 D = Turns resting spent in this place as a percentage of non-inter-level travel turns spent in this place.
 E = Turns spent auto-exploring this place as a percentage of non-inter-level travel turns spent in this place.
 F = Non-inter-level travel turns spent in this place divided by the number of levels of this place that you've seen.
                   A       B       C       D       E      F
               +-------+-------+-------+-------+-------+----------------------
         Total | 100.0 | 100.0 |   0.0 |   2.2 |   0.0 |  57.5
         Abyss | 100.0 | 100.0 |   0.0 |   2.2 |   0.0 |  57.5
               +-------+-------+-------+-------+-------+----------------------

Table legend:
 A = Kills in this place as a percentage of kills in entire the game.
 B = Kills by you in this place as a percentage of kills by you in the entire game.
 C = Kills by friends in this place as a percentage of kills by friends in the entire game.
 D = Other kills in this place as a percentage of other kills in the entire game.
 E = Experience gained in this place as a percentage of experience gained in the entire game.
 F = Experience gained in this place divided by the number of levels of this place that you have seen.
                   A       B       C       D       E      F
               +-------+-------+-------+-------+-------+----------------------
         Total | 100.0 | 100.0 |   N/A |   N/A | 100.0 |   2.5
         Abyss | 100.0 | 100.0 |   N/A |   N/A | 100.0 |   2.5
               +-------+-------+-------+-------+-------+----------------------

Levels and vault maps discovered:
Abyss:1:  hangedman_illusive_loot
Abyss:2:  hangedman_decor_points
Abyss:3:  evilmike_abyss_exit_kraken
Abyss:4:  hangedman_decor_points, doesnt_abyss_rune_brain_food
